 Dungeon Crawl Stone Soup version 0.17-a0-1760-ga6756ae (webtiles) character file.

177 matakusis the Ducker (level 5, -2/39 HPs)
             Began as a Demonspawn Gladiator on Sept 2, 2015.
             Was an Initiate of Dithmenos.
             Killed from afar by Sigmund (11 damage)
             ... with a puff of flame
             ... on level 3 of the Dungeon on Sept 3, 2015.
             The game lasted 00:15:20 (3136 turns).

matakusis the Ducker (Demonspawn Gladiator)         Turns: 3136, Time: 00:15:21

Health: -2/39      AC:  4    Str: 15    XL:     5   Next: 30%
Magic:  5/5        EV: 19    Int: 10    God:    Dithmenos [......]
Gold:   118        SH:  4    Dex: 19    Spells: 0 memorised, 4 levels left

rFire  . . .     SeeInvis .     a - +0 war axe
rCold  . . .     Clarity  .     b - +0 leather armour
rNeg   . . .     SustAt   .     m - +0 buckler
rPois  .         Gourm    .     (helmet restricted)
rElec  .         Spirit   .     k - +0 cloak
rCorr  .         Warding  .     (no gloves)
rMut   .         Stasis   .     (no boots)
MR     .....                    (no amulet)
Stlth  +++.......               q - ring of stealth
                                (no ring)

@: agile, not resistant to hostile enchantments, fairly stealthy
A: antennae 1, powered by death 1, rot immunity
a: Renounce Religion


You were on level 3 of the Dungeon.
You worshipped Dithmenos.
Dithmenos was noncommittal.
You were very hungry.

You visited 1 branch of the dungeon, and saw 3 of its levels.

You collected 118 gold pieces.

Inventory:

Hand weapons
 a - a +0 war axe (weapon)
Armour
 b - a +0 leather armour (worn)
 k - a +0 cloak (worn)
 m - a +0 buckler (worn)
Jewellery
 j - an uncursed ring of teleportation
 q - a ring of stealth (right hand)
Magical devices
 o - a wand of magic darts (36)
Scrolls
 h - a scroll of teleportation
 n - a scroll of identify
 p - 2 scrolls of remove curse
Comestibles
 e - 2 bread rations
 f - a slice of pizza
 i - a beef jerky
 l - 4 fruits
 s - a meat ration
 t - a royal jelly
 u - a chunk of flesh


   Skills:
 + Level 2.6 Fighting
 + Level 3.3 Axes
 - Level 1.7 Throwing
 + Level 1.7 Armour
 * Level 4.2 Dodging
 + Level 0.5 Shields


You had 4 spell levels left.
You didn't know any spells.

Dungeon Overview and Level Annotations

Branches:
Dungeon (3/15)

Altars:
Dithmenos
Fedhas
Yredelemnul

Annotations:
D:3 Sigmund


Innate Abilities, Weirdness & Mutations

You have a pair of small antennae on your head.
You regenerate a little health from kills.
You are immune to rotting.


Message History

You hit Sigmund.
Sigmund is almost dead.
Sigmund mumbles some strange words.
Sigmund flickers and vanishes!
Deactivating autopickup; reactivate with Ctrl-A.
Something wriggles in the net.
You hit something but do no damage.
Something wriggles in the net.
You hit something.
Something wriggles in the net.
You barely miss something.
You hear some strange, mumbled words.
A magic dart appears from out of thin air!
The magic dart hits you!
* * * LOW HITPOINT WARNING * * *
Something wriggles in the net.
You hit something but do no damage.
Something wriggles in the net.
You closely miss something.
You hear some strange, mumbled words.
A puff of flame appears from out of thin air!
The puff of flame hits you!
You die...

...........#
#..##.####.#
#..##.# #.#
#..##.# #.#
#..##.####.#######
#..##.##.......#(.
#...........# #.#
#..#.#####..##.#{#
#(.#. #........#@#
# #. ####..####.#
#. #)## #.#
#.#####.# #.#
####.....#.# #.#
#..####....# #.#
....#....### #.#
_.⌠.###.###### #.#
### .....#.......#
#.# #.#


There were no monsters in sight!

Vanquished Creatures
  The ghost of kosy22 the Skirmisher, an average TrAK of Lugonu (D:3)
  3 adders (D:2)
  2 worms (D:2)
  A giant gecko (D:2)
  9 bats
  7 giant cockroaches
  8 goblins
  4 hobgoblins
  A jackal (D:1)
  2 ball pythons
  A giant newt (D:2)
  5 kobolds
  4 rats
48 creatures vanquished.

Notes
Turn   | Place    | Note
--------------------------------------------------------------
     0 | D:1      | matakusis the Demonspawn Gladiator began the quest for the Orb.
     0 | D:1      | Reached XP level 1. HP: 16/16 MP: 1/1
   389 | D:1      | Reached skill level 3 in Dodging
   389 | D:1      | Gained mutation: You have a pair of small antennae on your head. [demonic ancestry]
   389 | D:1      | Reached XP level 2. HP: 22/22 MP: 2/2
  1211 | D:1      | Upgraded the game from 0.17-a0-1753-g75d4604 to 0.17-a0-1760-ga6756ae
  1290 | D:2      | Found a blossoming altar of Fedhas.
  1438 | D:2      | Reached XP level 3. HP: 27/27 MP: 3/3
  2325 | D:2      | Gained mutation: You are immune to rotting. [demonic ancestry]
  2325 | D:2      | Reached XP level 4. HP: 32/34 MP: 4/4
  2846 | D:3      | Noticed kosy22's ghost (average TrAK)
  2847 | D:3      | Found a basalt altar of Yredelemnul.
  2848 | D:3      | Found a shadowy altar of Dithmenos.
  2904 | D:3      | Became a worshipper of Dithmenos the Shadowed
  2946 | D:3      | Killed kosy22's ghost
  2946 | D:3      | Reached skill level 1 in Armour
  2946 | D:3      | Reached skill level 4 in Dodging
  2946 | D:3      | Gained mutation: You regenerate a little health from kills. [demonic ancestry]
  2946 | D:3      | Reached XP level 5. HP: 10/39 MP: 5/5
  3113 | D:3      | Noticed Sigmund
  3136 | D:3      | Killed from afar by Sigmund

Vault maps used:
D:1:      dpeg_arrival_brainrot, amethyst_killhole
D:2:      overflow_temple_1_default, first_bread
D:3:      gammafunk_temple_overflow_pools, minivault_14, uniq_iyjb, uniq_sigmund

Action                   |  1- 3 |  4- 6 || total
-------------------------+-------+-------++-------
Melee: War axe           |   124 |    61 ||   185
Throw: Throwing net      |       |     3 ||     3
  Use: Scroll            |       |     5 ||     5
       Potion            |       |     2 ||     2
 Stab: Sleeping          |     4 |     3 ||     7
       Held in net/web   |       |     1 ||     1
  Eat: Chunk             |     3 |     3 ||     6
